 Dungeon Crawl Stone Soup version 0.24.1-8-ga250c9d538 (webtiles) character file.

Game seed: 5567063670751189712, levelgen mode: deterministic

562 Peloso the Slasher (level 7, 54/54 HPs)
             Began as a Demonspawn Fighter on May 1, 2020.
             Got out of the dungeon alive.
             The game lasted 00:06:42 (3632 turns).

Peloso the Slasher (Demonspawn Fighter)             Turns: 3632, Time: 00:06:43

Health: 54/54      AC: 12    Str: 18    XL:     7   Next: 10%
Magic:  7/7        EV:  8    Int:  9    God:
Gold:   203        SH:  9    Dex: 13    Spells: 6/6 levels left

rFire    . . .     SeeInvis .   a - +0 long sword
rCold    . . .     Gourm    .   c - +0 shield
rNeg     . . .     Faith    .   j - +0 chain mail (curse)
rPois    .         Spirit   .   (helmet restricted)
rElec    .         Reflect  .   l - +2 cloak
rCorr    .         Harm     .   (no gloves)
MR       .....                  (no boots)
Stlth    ..........             (no amulet)
HPRegen  0.18/turn              (no ring)
MPRegen  0.10/turn              (no ring)

@: no status effects
A: horns 1, repulsion field 1, powered by death 2
a: no special abilities


You escaped.
You were hungry.

You visited 1 branch of the dungeon, and saw 5 of its levels.

You collected 203 gold pieces.

Inventory:

Hand Weapons
 a - a +0 long sword (weapon)
Armour
 b - a +0 scale mail
 c - a +0 shield (worn)
 h - a +2 helmet
 j - a cursed +0 chain mail (worn)
 l - a +2 cloak (worn)
Jewellery
 q - a +5 ring of protection {unknown}
Wands
 r - a wand of disintegration (14)
Scrolls
 e - a scroll of fog {unknown}
 g - 7 scrolls of identify {unknown}
 i - 3 scrolls of remove curse {unknown}
 k - 2 scrolls of fear {unknown}
 m - a scroll of noise {unknown}
 n - 2 scrolls of teleportation {unknown}
 o - a scroll of enchant weapon {unknown}
 t - a scroll of blinking {unknown}
 u - a scroll of enchant armour {unknown}
 x - a scroll of magic mapping {unknown}
Potions
 d - 2 potions of might
 p - a potion of mutation {unknown}
 s - a potion of agility {unknown}
 v - a potion of flight
 w - a potion of magic {unknown}
Comestibles
 f - 11 rations


   Skills:
 + Level 4.2 Fighting
 + Level 4.4 Long Blades
 + Level 3.5 Armour
 + Level 2.0 Dodging
 + Level 0.4 Stealth
 + Level 4.2 Shields


You had 6 spell levels left.
You didn't know any spells.
Your spell library was empty.

Dungeon Overview and Level Annotations

Branches:
Dungeon (5/15)
 Temple: D:4-7

Altars:
Cheibriados
Hepliaklqana
Kikubaaqudgha
Ru
Uskayaw
The Shining One


Innate Abilities, Weirdness & Mutations

You have a pair of small horns on your head.
You are surrounded by a mild repulsion field. (EV +2)
You regenerate health from kills.


Message History

You climb upwards.
There is a stone staircase leading down here.
Things that are here:
a +0 chain mail; a +0 short sword You see here a +0 hand axe.
You are feeling hungry.
There is a stone staircase leading up here.
You climb upwards.
There is a stone staircase leading down here.
(D) Dungeon
Where to? (Enter - D:1 @ (x,y), ? - help)
There is a stone staircase leading up here.
You climb upwards.
There is a stone staircase leading down here.
There is a stone staircase leading up, spattered with blood here.
You climb upwards.
There is a stone staircase leading down, spattered with blood here.
There is a staircase leading out of the dungeon here.
Are you sure you want to leave the Dungeon?
This will make you lose the game!
You have escaped!

.........# ♣...♣ #...# .###...(.#
♣...♣ #...# ......#.## ♣.♣.♣♣
#...# ..##..(.# ♣.♣..♣ #...#
......#.# ♣....♣ #.#.# #.......#
♣♣♣.♣♣♣ #.#.# ....#...# ♣...♣♣
##.#.# ........# ♣♣...♣ #..#.#
....#...# ♣..@.♣♣ #)##.#
.....##.## ♣♣....♣ #.##.####
......#..## ♣♣.♣♣♣♣ #.......#
..........# ♣♣.♣.♣ #.......#
......##..# ♣♣♣.♣♣ ##......#
.....####.# ♣...♣ #......#
......# #.# ♣♣..♣♣ #......#
......# #.# ♣...♣ #......#
......############..######.######


There were no monsters in sight!

Vanquished Creatures
  A phantom (D:4)
  A necrophage (D:5)
  A howler monkey (D:4)
  2 crimson imps (D:5)
  A hound (D:4)
  A jelly (D:5)
  A bullfrog skeleton (D:4)
  An orc wizard (D:5)
  2 worker ants
  A hound skeleton (D:4)
  4 adders
  2 adder skeletons (D:4)
  A worm (D:2)
  A dart slug (D:1)
  A leopard gecko (D:1)
  7 orcs
  7 giant cockroaches
  7 goblins (D:1)
  3 hobgoblins
  4 jackals (D:2)
  3 quokkas
  3 ball pythons
  3 bats
  4 frilled lizards
  A jackal zombie (D:5)
  3 kobolds
  5 rats
71 creatures vanquished.

Notes
Turn   | Place    | Note
-------+----------+-------------------------------------------
     0 | D:1      | Peloso the Demonspawn Fighter began the quest for the Orb.
     0 | D:1      | Reached XP level 1. HP: 18/18 MP: 1/1
   149 | D:1      | Gained mutation: You regenerate a little health from kills.
                  | [demonic ancestry]
   149 | D:1      | Reached XP level 2. HP: 15/24 MP: 2/2
   826 | D:2      | Reached XP level 3. HP: 9/29 MP: 3/3
   832 | D:1      | HP: 1/29 [quokka (3)]
  2613 | D:4      | Gained mutation: You are surrounded by a mild repulsion
                  | field. (EV +2) [demonic ancestry]
  2613 | D:4      | Reached XP level 4. HP: 29/36 MP: 4/4
  2669 | D:4      | Reached skill level 1 in Dodging
  2669 | D:4      | Reached XP level 5. HP: 28/42 MP: 5/5
  3043 | D:4      | Noticed a phantom
  3136 | D:4      | Killed a phantom
  3136 | D:4      | Gained mutation: You regenerate health from kills. [demonic
                  | ancestry]
  3136 | D:4      | Reached XP level 6. HP: 34/48 MP: 6/6
  3165 | D:5      | Entered Level 5 of the Dungeon
  3388 | D:5      | Found an ancient bone altar of Kikubaaqudgha.
  3395 | D:5      | Found a sacrificial altar of Ru.
  3402 | D:5      | Found a hazy altar of Hepliaklqana.
  3409 | D:5      | Found a snail-covered altar of Cheibriados.
  3426 | D:5      | Found a glowing golden altar of the Shining One.
  3431 | D:5      | Found a hide-covered altar of Uskayaw.
  3467 | D:5      | Gained mutation: You have a pair of small horns on your
                  | head. [demonic ancestry]
  3467 | D:5      | Reached XP level 7. HP: 39/54 MP: 7/7
  3632 | D:$      | Got out of the dungeon alive.

Levels and vault maps discovered:
D:1:      roderic_dead_forest, layout_rooms
D:2:      layout_basic
D:3:      layout_rooms, first_ration, minmay_misc_feat_iff, supply_closet_lemuel
D:4:      minmay_angry_zag, layout_basic
D:5:      layout_basic, grunt_temple_overflow_octagram, kennysheep_mini,
          temple_hall, serial_shops, shop, tso_altar

Skill      XL: |  1  2  3  4  5  6 |
---------------+-------------------+-----
Shields        | 3 4 |  4.2
Long Blades    | 2 3 4 |  4.4
Armour         | 3 |  3.5
Dodging        | 1 2 |  2.0
Fighting       | 4 |  4.2
Stealth        | |  0.4

Action                   |  1- 3 |  4- 6 |  7- 9 || total
-------------------------+-------+-------+-------++-------
Melee: Long sword        |   191 |   194 |    16 ||   401
       Headbutt          |       |       |     4 ||     4
  Use: Potion            |     5 |       |       ||     5
  Eat: Chunk             |     4 |     4 |     1 ||     9
Armor: Scale mail        |    86 |       |       ||    86
       Chain mail        |    44 |   128 |     6 ||   178
       Skin              |     5 |       |       ||     5
Dodge: Dodged            |    70 |    49 |     1 ||   120
Block: Shield            |   126 |    81 |     8 ||   215
       Rpst.: Long sword |    33 |    10 |       ||    43
